 Seeded DCSS version 0.29.1-15-g9cfb28693d (webtiles) character file.

Game seed: 10409031806940391320 (custom seed)

2574 Mickster the Trooper (level 9, -10/80 HPs)
             Began as a Hill Orc Berserker on Mar 27, 2023.
             Was a Believer of Trog.
             Mangled by an orc warrior
             ... wielding a +0 mace
              (14 damage)
             ... on level 8 of the Dungeon on Mar 28, 2023.
             The game lasted 01:28:46 (5993 turns).

Mickster the Trooper (Hill Orc Berserker)           Turns: 5993, Time: 01:28:50

Health: -10/80     AC: 22    Str: 32    XL:     9   Next: 57%
Magic:  9/9        EV: 10    Int:  6    God:    Trog [**....]
Gold:   272        SH:  0    Dex: 11    Spells: 8/8 levels left

rFire   . . .      SeeInvis .   g - +5 trident (venom)
rCold   . . .      Faith    +   (no shield)
rNeg    . . .      Spirit   .   d - +0 chain mail
rPois   +          Reflect  .   z - +2 helmet
rElec   .          Harm     .   u - +1 cloak
rCorr   .          Rampage  .   h - +0 pair of gloves {Stlth+}
Will    ++...                   p - +0 pair of boots
Stlth   ..........              w - amulet of faith
HPRegen 1.23/turn               j - +4 ring of protection
MPRegen 0.11/turn               v - +6 ring of strength

@: strong-willed (expiring), on berserk cooldown, regenerating (expiring),
slowed, unable to read, very slow
A: poison resistance, strong 1, inability to read after injury 1, MP-powered
wands
a: Renounce Religion, Berserk, Trog's Hand


You were on level 8 of the Dungeon.
You worshipped Trog.
Trog was pleased with you.
You visited 1 branch of the dungeon, and saw 8 of its levels.

You collected 272 gold pieces.

Inventory:

Hand Weapons
 a - a +0 hand axe
 g - a +5 trident of venom (weapon)
 m - a +0 dagger of flaming
 q - a +1 dagger of venom
 s - a +0 shortbow
 t - a +2 flail of protection
 B - a +3 dire flail of protection
 D - a +0 hammer
 G - a +0 scimitar of holy wrath
Missiles
 b - 9 boomerangs
 c - 46 stones
 r - 13 poisoned darts (quivered)
Armour
 d - a +0 chain mail (worn)
 h - a +0 pair of gloves of stealth (worn)
 k - a +2 hat
 p - a +0 pair of boots (worn)
 u - a +1 cloak (worn)
 z - a +2 helmet (worn)
 C - a +1 ring mail of poison resistance
Jewellery
 e - a +4 ring of protection
 i - an amulet of magic regeneration
 j - a +4 ring of protection (left hand)
 v - a +6 ring of strength (right hand)
 w - an amulet of faith (around neck)
 F - an amulet of guardian spirit
Wands
 x - a wand of mindburst (12)
 A - a wand of digging (4)
Scrolls
 f - 4 scrolls of fog
 l - 6 scrolls of identify
 y - a scroll of magic mapping
Potions
 n - a potion of flight


   Skills:
 * Level 7.7 Fighting
 - Level 0.3 Short Blades
 - Level 4.4(8.3) Axes
 - Level 5.5(6.1) Maces & Flails
 * Level 7.2(7.6) Polearms
 * Level 3.7 Throwing
 + Level 5.8 Armour
 + Level 2.8 Dodging
 + Level 0.6 Stealth


You had 8 spell levels left.
You didn't know any spells.
Your spell library was empty.

Dungeon Overview and Level Annotations

Branches:
Dungeon (8/15)             Temple (0/1) D:5
   Lair: D:8-11

Altars:
Kikubaaqudgha
Okawaru
Qazlal
Yredelemnul
The Shining One

Annotations:
D:7 1 runed translucent door, Crazy Yiuf


Innate Abilities, Weirdness & Mutations

Your system is resistant to poisons. (rPois)
Your muscles are strong. (Str +4, Int/Dex -1)
You occasionally lose the ability to read scrolls when taking damage.
You expend magic power (3 MP) to strengthen your wands.


Message History

* * * LOW HITPOINT WARNING * * *
The orc hits you but does no damage. The orc wizard barely misses you.
The orc hits you but does no damage.
The orc warrior hits you but does no damage.
The orc wizard hits you with a +0 dagger.
* * * LOW HITPOINT WARNING * * *
Your skin crawls.
You feel strong-willed. The orc barely misses you.
The orc wizard hits you but does no damage.
The orc warrior hits you with a +0 mace!
* * * LOW HITPOINT WARNING * * *
Unknown command.
You puncture the orc wizard!
The orc wizard is poisoned.
The orc wizard is heavily wounded.
The orc wizard casts a spell at you.
The puff of flame hits you but does no damage.
The orc warrior hits you but does no damage.
The orc barely misses you.
You impale the orc wizard!!
You kill the orc wizard!
Trog accepts your kill.
Trog appreciates your killing of a magic user.
You feel the effects of Trog's Hand fading.
The orc warrior hits you with a +0 mace.
* * * LOW HITPOINT WARNING * * *
The orc hits you but does no damage.
The orc warrior hits you with a +0 mace.
* * * LOW HITPOINT WARNING * * *
The orc barely misses you.
You hit the orc warrior but do no damage.
The orc warrior is poisoned.
The orc hits you but does no damage. The orc warrior closely misses you.
You closely miss the orc warrior.
The orc warrior is lightly wounded.
The orc warrior hits you with a +0 mace.
* * * LOW HITPOINT WARNING * * *
The orc barely misses you.
The orc warrior hits you with a +0 mace!
You die...

##.#######
###..#§§§...
#......§§§≈≈
##.#..§§§≈§≈#
#....≈≈§#####
#.#.≈≈§≈#
#...≈≈≈≈#
#.)≈≈≈≈≈#
#o@######.
#o))......
##.######.
#.≈ #./≈
##.≈≈ ..≈≈
#..≈≈ #...§


You could see an orc warrior (very poisoned) and an orc.

Vanquished Creatures
  Edmund (D:6)
  Duvessa (D:7)
  An orc warrior (D:8)
  An ice beast (D:5)
  3 sky beasts
  An ogre (D:5)
  2 centaurs (D:6)
  A kobold brigand (D:7)
  Blork the orc (D:6)
  A bullfrog (D:8)
  A gnoll sergeant (D:8)
  2 necrophages (D:5)
  A water moccasin zombie (D:6)
  Dowan (D:7)
  A howler monkey (D:5)
  2 centaur zombies (D:6)
  3 bullfrog zombies (D:6)
  5 hounds
  A jelly (D:8)
  A gnoll bouda (D:5)
  6 orc priests
  7 iguanas
  7 orc wizards
  A howler monkey zombie (D:6)
  Robin (D:4)
  7 gnolls
  4 adders
  A shadow imp (D:8)
  2 white imps (D:6)
  A worm (D:2)
  2 dart slugs
  19 orcs
  A bat (D:3)
  4 endoplasms
  3 giant cockroaches
  11 goblins
  7 hobgoblins
  4 jackals (D:1)
  5 quokkas
  8 ball pythons
  A frilled lizard (D:1)
  9 kobolds
  5 rats
147 creatures vanquished.

Vanquished Creatures (others)
  A fungus (D:7)
1 creature vanquished.

Grand Total: 148 creatures vanquished

Notes
Turn   | Place    | Note
-------+----------+-------------------------------------------
     0 | D:1      | Mickster the Hill Orc Berserker began the quest for the
                  | Orb.
     0 | D:1      | Reached XP level 1. HP: 19/19 MP: 1/1
   156 | D:1      | Found a faded altar of an unknown god.
   184 | D:1      | Reached XP level 2. HP: 20/27 MP: 2/2
   694 | D:2      | Reached XP level 3. HP: 33/33 MP: 3/3
   776 | D:2      | Gained mutation: Your muscles are strong. (Str +4, Int/Dex
                  | -1) [potion of mutation]
   776 | D:2      | Gained mutation: You occasionally lose the ability to read
                  | scrolls when taking damage. [potion of mutation]
   776 | D:2      | Gained mutation: You expend magic power (3 MP) to
                  | strengthen your wands. [potion of mutation]
   776 | D:2      | Gained mutation: Your system is resistant to poisons.
                  | (rPois) [potion of mutation]
   820 | D:2      | Reached ** piety under Trog
  1310 | D:3      | Reached skill level 1 in Polearms
  1554 | D:3      | Reached XP level 4. HP: 41/41 MP: 4/4
  1576 | D:3      | You fall into a shaft and drop 1 floor!
  1604 | D:4      | Noticed Robin
  1612 | D:4      | Killed Robin
  1621 | D:4      | HP: 2/41 [hobgoblin[Robin] (3)]
  2345 | D:4      | Reached XP level 5. HP: 47/47 MP: 5/5
  2926 | D:5      | Entered Level 5 of the Dungeon
  2991 | D:5      | Found a stormy altar of Qazlal.
  3051 | D:5      | Found a staircase to the Ecumenical Temple.
  3244 | D:5      | Found an ancient bone altar of Kikubaaqudgha.
  3245 | D:5      | Noticed an ice beast
  3251 | D:5      | Killed an ice beast
  3252 | D:5      | Reached skill level 5 in Fighting
  3252 | D:5      | Reached XP level 6. HP: 56/56 MP: 6/6
  3305 | D:5      | Reached skill level 1 in Throwing
  3356 | D:5      | Reached XP level 7. HP: 61/61 MP: 7/7
  3374 | D:5      | Reached skill level 5 in Polearms
  3892 | D:6      | Reached XP level 8. HP: 70/70 MP: 8/8
  3902 | D:6      | Reached skill level 1 in Maces & Flails
  3923 | D:6      | Found a basalt altar of Yredelemnul.
  3944 | D:6      | Reached skill level 5 in Armour
  4025 | D:6      | Reached *** piety under Trog
  4461 | D:6      | Noticed Blork the orc
  4466 | D:6      | Killed Blork the orc
  4869 | D:6      | Found a glowing golden altar of the Shining One.
  4902 | D:6      | Noticed Edmund
  4915 | D:6      | Killed Edmund
  4916 | D:6      | Reached XP level 9. HP: 75/79 MP: 9/9
  5137 | D:7      | Noticed Duvessa
  5137 | D:7      | Noticed Dowan
  5147 | D:7      | Killed Duvessa
  5148 | D:7      | Reached skill level 5 in Maces & Flails
  5150 | D:7      | Killed Dowan
  5350 | D:7      | Found a runed translucent door.
  5351 | D:7      | Noticed Crazy Yiuf
  5503 | D:7      | Found an iron altar of Okawaru.
  5993 | D:8      | HP: 4/80 [orc warrior/+0 mace (5)]
  5993 | D:8      | Mangled by an orc warrior

Illustrated notes

Levels and vault maps discovered:
D:1:      eino_arrival_cavern_a, layout_loops_ring,
          hellmonk_ecumenical_altar_zigzags
D:2:      wad_crossroads, layout_rooms, chequers_decorated_corner,
          kennysheep_generic_room_13
D:3:      layout_loops_ring
D:4:      layout_gridville, serial_shops, shop, serial_park_tiny_pond,
          uniq_robin
D:5:      layout_basic, grunt_qazlal_clouds,
          nicolae_kikubaaqudgha_miasma_corner, nzn_hepliaklqana_mist_gate,
          minmay_temple_entry_statues_fountains, minmay_chambers_of_fives
D:6:      layout_rooms, nicolae_yredelemnul_corpse_copse,
          mainiacjoe_overflow_24_doors, nrook_mini_backslash,
          uniq_blork_the_orc, uniq_edmund
D:7:      layout_basic, mainiacjoe_overflow_six_doors_small, elyvilon_altar_1,
          uniq_crazy_yiuf_cottage, uniq_duvessa
D:8:      layout_loops_ring, st_stairs_13, grunt_ministairs_11,
          grunt_decor_junction, dk_rats_in_the_wall

Skill      XL: |  1  2  3  4  5  6  7  8  9 |
---------------+----------------------------+-----
Fighting       | 4 5 7 |  7.7
Polearms       | 1 2 3 4 6 7 |  7.2
Armour         | 3 4 5 |  5.8
Dodging        | 2 |  2.8
Throwing       | 1 2 3 |  3.7
Maces & Flails | 4 5 |  5.5
Short Blades   | |  0.3
Axes           | |  4.4
Stealth        | |  0.6

Action                   |  1- 3 |  4- 6 |  7- 9 || total
-------------------------+-------+-------+-------++-------
Melee: Hand axe          |    37 |       |       ||    37
       Trident           |    44 |    78 |    99 ||   221
       Punch             |     1 |       |     3 ||     4
       Dagger            |       |    19 |       ||    19
       Flail             |       |       |   119 ||   119
       Dire flail        |       |       |    12 ||    12
Throw: Dart              |       |     1 |       ||     1
Invok: Berserk           |     2 |     3 |     9 ||    14
       Trog's Hand       |       |     2 |     4 ||     6
  Use: Potion            |     5 |     5 |     5 ||    15
       Scroll            |     4 |     2 |     6 ||    12
Armor: Animal skin       |     2 |       |       ||     2
       Leather armour    |    21 |       |       ||    21
       Chain mail        |     9 |   120 |   268 ||   397
       Scale mail        |     5 |       |       ||     5
       Ring mail         |       |       |    10 ||    10
Dodge: Dodged            |    55 |    76 |   190 ||   321
